 Dungeon Sprint DCSS version 0.23-a0-741-g38971ea054 (webtiles) character file.

525 Denreik the Fighter (level 7, -2/72 HPs)
             Began as a Formicid Fighter on Jan 18, 2019.
             Slain by a hippogriff (6 damage)
             ... in the Dungeon (Sprint II: "The Violet Keep of Menkaure").
             The game lasted 00:01:53 (374 turns).

Denreik the Fighter (Formicid Fighter)               Turns: 374, Time: 00:01:53

Health: -2/72      AC:  6    Str: 22    XL:     7   Next: 47%
Magic:  7/7        EV:  9    Int:  8    God:
Gold:   486        SH: 12    Dex: 10    Spells: 6/6 levels left

rFire    . . .     SeeInvis +   a - +0 quarterstaff
rCold    . . .     Gourm    .   c - +0 shield
rNeg     . . .     Faith    .   b - +0 scale mail
rPois    .         Spirit   .   (helmet unavailable)
rElec    .         Reflect  .   (no cloak)
rCorr    .         Harm     .   (no gloves)
MR       .....                  (no boots)
Stlth    ..........             (no amulet)
HPRegen  0.22/turn              (no ring)
MPRegen  0.10/turn              (no ring)

@: no status effects
A: permanent stasis, dig shafts and tunnels, four strong arms, antennae 3
a: Dig


You were in the Dungeon.
You were not hungry.

You visited 1 branch You collected 486 gold pieces.

Inventory:

Hand Weapons
 a - a +0 quarterstaff (weapon)
Armour
 b - a +0 scale mail (worn)
 c - a +0 shield (worn)
Scrolls
 k - a scroll of blinking
Potions
 d - a potion of might
 e - a potion of curing
 h - a potion of haste
 i - 2 potions of magic
 j - a potion of berserk rage
Comestibles
 f - a ration
 l - 2 chunks of flesh


   Skills:
 - Level 13.4 Fighting
 - Level 2.0 Staves
 - Level 3.2 Armour
 * Level 10.7 Shields


You had 6 spell levels left.
You didn't know any spells.
Your spell library was empty.

Dungeon Overview and Level Annotations

Branches:
Dungeon (1/1)

Altars:


Innate Abilities, Weirdness & Mutations

You cannot be hasted, slowed, berserked, paralysed or teleported.
You can dig through walls and to a lower floor.
Your four strong arms can wield two-handed weapons with a shield.
You have a pair of large antennae on your head. (SInv)


Message History

The hippogriff claws you but does no damage.
The hippogriff closely misses you.
The hippogriff pecks you but does no damage.
The hippogriff barely misses you.
You closely miss the hippogriff.
The hippogriff is lightly wounded.
The hippogriff bites you!
* * * LOW HITPOINT WARNING * * *
The hippogriff pecks you.
* * * LOW HITPOINT WARNING * * *
You block the hippogriff's attack.
You hit the hippogriff.
The hippogriff is moderately wounded.
You block the hippogriff's attack. The hippogriff pecks you.
* * * LOW HITPOINT WARNING * * *
You block the hippogriff's attack.
You completely miss the hippogriff.
The hippogriff is moderately wounded.
You block the hippogriff's attack. The hippogriff pecks you.
You die...

{ { { { { { {{
{{ ### ###
##.###+###.##
{{
#...##.##...#
{
+.##'.<.รท.##+
###.##@##...#
#.# #H###.##
## .#. ### {
.# #. ## ## {


You could see a hippogriff.

Vanquished Creatures
  A hippogriff (D)
  4 necrophages (D)
  3 worms (D)
8 creatures vanquished.

Vanquished Creatures (others)
  Menkaure (D)
  A crocodile (D)
2 creatures vanquished.

Grand Total: 10 creatures vanquished

Notes
Turn   | Place    | Note
-------+----------+-------------------------------------------
     0 | D        | Denreik the Formicid Fighter began the quest for the Orb.
     0 | D        | Reached XP level 1. HP: 18/18 MP: 1/1
     3 | D        | Noticed a necrophage
     3 | D        | Noticed a necrophage
     3 | D        | Noticed a necrophage
     3 | D        | Noticed a necrophage
    12 | D        | Killed a necrophage
    12 | D        | Reached skill level 9 in Fighting
    12 | D        | Reached XP level 2. HP: 23/34 MP: 2/2
    12 | D        | Reached XP level 3. HP: 27/40 MP: 3/3
    12 | D        | Reached XP level 4. HP: 31/46 MP: 4/4
    15 | D        | Killed a necrophage
    15 | D        | Reached skill level 11 in Fighting
    15 | D        | Reached XP level 5. HP: 39/56 MP: 5/5
    26 | D        | Killed a necrophage
    26 | D        | Reached skill level 12 in Fighting
    26 | D        | Reached XP level 6. HP: 11/61 MP: 6/6
    28 | D        | HP: 3/61 [necrophage (4)]
    29 | D        | Killed Menkaure
    30 | D        | Killed a necrophage
   356 | D        | Noticed a hippogriff
   356 | D        | Noticed a hippogriff
   367 | D        | HP: 2/61 [hippogriff (6)]
   369 | D        | Killed a hippogriff
   369 | D        | Reached skill level 13 in Fighting
   369 | D        | Reached skill level 10 in Shields
   369 | D        | Reached XP level 7. HP: 23/72 MP: 7/7
   373 | D        | HP: 3/72 [hippogriff (4)]
   374 | D        | Slain by a hippogriff

Vault maps used:
D:        the_violet_keep_of_menkaure

Skill      XL: |  1  2  3  4  5  6 |
---------------+-------------------+-----
Fighting       | 9 11 12 13 | 13.4
Shields        | 6 10 | 10.7
Staves         | |  2.0
Armour         | |  3.2

Action                   |  1- 3 |  4- 6 |  7- 9 || total
-------------------------+-------+-------+-------++-------
Melee: Quarterstaff      |     8 |    41 |     5 ||    54
  Use: Potion            |       |     1 |       ||     1
Armor: Scale mail        |     4 |    13 |     2 ||    19
Dodge: Dodged            |       |     9 |     3 ||    12
Block: Shield            |       |    17 |     7 ||    24

Table legend:
 A = Non-vault XP
 B = Vault XP
 C = Vault XP percentage of total XP
 D = Non-vault monster count
 E = Vault monster count
 F = Vault count percentage of total count
                 A         B        C        D         E       F
            +---------+---------+-------+---------+---------+-------
      Total |       0 |     751 | 100.0 |       0 |       8 | 100.0
            +---------+---------+-------+---------+---------+-------
          D |       0 |     751 | 100.0 |       0 |       8 | 100.0
            +---------+---------+-------+---------+---------+-------
